 Dungeon Crawl Stone Soup version 0.31.0-1-g2c135a0 (webtiles) character file.

Game seed: 7898593714314614873

1578237 ww7 the Sensei (level 25, 304/312 (316) HPs)
             Began as a Hill Orc Ice Elementalist on Apr 8, 2024.
             Was a High Priest of Okawaru.
             Escaped with the Orb
             ... and 3 runes!
             The game lasted 03:55:31 (71208 turns).

ww7 the Sensei (Hill Orc Ice Elementalist)         Turns: 71208, Time: 03:55:32

HP:   304/312 (316) AC: 18    Str: 27    XL:     25   Next: 54%
MP:   34/34         EV: 19    Int: 19    God:    Okawaru [*****.]
Gold: 4742          SH:  0    Dex: 22    Spells: 21/28 levels left

rFire   + +          .
                       - Unarmed
rCold   . . .        h - melded +5 kite shield {rC+}
rNeg    + + .        a - melded +0 troll leather armour
rPois   +            (helmet currently unavailable)
rElec   +            d - melded scarf {rC+ rF+}
rCorr   .            H - melded +2 pair of gloves
SInv    .            v - melded +2 pair of boots {rampage}
Will    +....        F - amulet "Guotet" {rElec rPois Regen+ Str-3 Int+3}
Stlth   ++           x - ring of Incredulity {rN++ AC+4 Int+3}
HPRegen 1.52/turn    O - ring of protection from cold
MPRegen 0.24/turn

%: no passive effects
@: dragon-form, flying, lightly drained
A: dragon claw, dragon scales, breathe fire, flying, boosted hp, giant, (horns
1), thin skeletal structure 1, agile 1, deterioration 1, frail 1, strong 1,
(sturdy frame 1)
0: Orb of Zot
}: 3/15 runes: decaying, serpentine, silver
a: Breathe Fire, Begin Untransformation, Renounce Religion, Heroism, Finesse,
Duel


You escaped.
You worshipped Okawaru.
Okawaru was extremely pleased with you.
You were a fearsome dragon!
You visited 8 branches of the dungeon, and saw 44 of its levels.
You also visited: Trove, Sewer and Ice Cave.

You collected 7106 gold pieces.
You spent 2364 gold pieces at shops.

Inventory:

Missiles
 r - 13 silver javelins (quivered)
 y - 7 throwing nets {!f}
 I - 6 curare-tipped darts
 Y - 18 javelins
Armour
 a - a +0 troll leather armour (melded)
 d - a scarf of resistance (melded)
 h - a +5 kite shield of cold resistance (melded)
 q - a +2 helmet of see invisible
 v - a +2 pair of boots of rampaging (melded)
 H - a +2 pair of gloves (melded)
 Z - the +0 hat of Optimidi {rC+ Str+4}
   (Okawaru gifted it to you on level 4 of the Lair of Beasts)

   Str+4:     It affects your strength (+4).
   rC+:       It protects you from cold.
Jewellery
 x - the ring of Incredulity (left foreclaw) {rN++ AC+4 Int+3}
   (You found it in a treasure trove)

   [ring of protection]

   AC+4:      It affects your AC (+4).
   Int+3:     It affects your intelligence (+3).
   rN++:      It greatly protects you from negative energy.
 F - the amulet "Guotet" (around neck) {rElec rPois Regen+ Str-3 Int+3}
   (You found it in a treasure trove)

   [amulet of regeneration]

   Str-3:     It affects your strength (-3).
   Int+3:     It affects your intelligence (+3).
   rElec:     It insulates you from electricity.
   rPois:     It protects you from poison Regen+: It increases your rate of
   health regeneration.
 G - the ring of Doacva Jydo {rPois rF+ rC- Will+}
   (You found it on level 4 of the Vaults)

   [ring of poison resistance]

   rF+:       It protects you from fire.
   rC-:       It makes you vulnerable to cold.
   rPois:     It protects you from poison Will+: It increases your willpower.
 O - a ring of protection from cold (right foreclaw)
 P - the ring "Jyosim" {Will++ rCorr Str+6}
   (You found it in a treasure trove)

   [ring of strength]

   Str+6:     It affects your strength (+6).
   Will++:    It greatly increases your willpower.
   rCorr:     It protects you from acid and corrosion.
Talismans
 j - a granite talisman
 J - a dragon-blood talisman (active)
Wands
 c - a wand of paralysis (18)
 B - a wand of digging (11)
 D - a wand of flame (56)
 K - a wand of quicksilver (7)
 N - a wand of mindburst (31)
 R - a wand of iceblast (27)
 W - a wand of polymorph (12)
Scrolls
 i - 28 scrolls of identify
 l - 2 scrolls of enchant armour
 n - 7 scrolls of vulnerability
 o - 3 scrolls of immolation
 p - 4 scrolls of fog
 s - a scroll of blinking
 t - 2 scrolls of silence
 u - a scroll of torment
 z - 10 scrolls of teleportation
 U - 8 scrolls of poison
 X - a scroll of fear
Potions
 b - 4 potions of magic
 e - 8 potions of brilliance
 g - 13 potions of curing
 k - 2 potions of mutation
 m - 4 potions of might
 w - 5 potions of enlightenment
 E - 2 potions of ambrosia
 L - 2 potions of cancellation
 M - 2 potions of haste
 Q - 5 potions of attraction
 T - 3 potions of resistance
 V - 7 potions of heal wounds {!q}
Miscellaneous
 f - a phial of floods
 A - a lightning rod (4/4)
 S - a tin of tremorstones (2/2)


   Skills:
 - Level 21.1 Fighting
 + Level 13.2 Throwing
 - Level 16.0 Dodging
 - Level 5.1 Stealth
 + Level 15.0 Shields
 - Level 22.0 Unarmed Combat
 - Level 2.0 Spellcasting
 - Level 4.7 Ice Magic
 - Level 15.7 Invocations
 - Level 4.1 Evocations
 + Level 19.5 Shapeshifting


You had 21 spell levels left.
You knew the following spells:

 Your Spells              Type           Power      Damage    Failure   Level
a - Freeze                Ice            80%        1d9       2%          1
b - Frozen Ramparts       Ice            40%        1d7       7%          3
c - Ozocubu's Armour      Ice            20%        N/A       7%          3

Your spell library contained the following spells:

 Spells                   Type           Power      Damage    Failure   Level
 Ensorcelled Hibernation  Hex/Ice        22%        N/A       10%         2
 Apportation              Tloc           2%         N/A       17%         1
 Foxfire                  Conj/Fire      4%         2x1d4     17%         1
 Kiss of Death            Conj/Necr      4%         2d5       17%         1
 Magic Dart               Conj           4%         1d3       17%         1
 Necrotise                Necr           4%         1d4       17%         1
 Shock                    Conj/Air       4%         1d3       17%         1
 Slow                     Hex            4%         N/A       17%         1
 Sting                    Conj/Alch      4%         1d3       17%         1
 Hailstorm                Conj/Ice       11%        3d6       19%         3
 Cigotuvi's Dreadful Rot  Necr/Alch/Air  2%         N/A       26%         2
 Scorch                   Fire           2%         2d5       26%         2
 Searing Ray              Conj           2%         2d4       26%         2
 Static Discharge         Conj/Air       2%         3-4/arc   26%         2
 Confusing Touch          Hex            1%         N/A       45%         3
 Dazzling Flash           Conj/Hex       2%         N/A       45%         3
 Fugue of the Fallen      Necr           1%         N/A       45%         3
 Gell's Gravitas          Tloc           1%         N/A       45%         3
 Inner Flame              Hex/Fire       1%         N/A       45%         3
 Passwall                 Erth           1%         N/A       45%         3
 Sigil of Binding         Hex            1%         N/A       45%         3
 Stone Arrow              Conj/Erth      2%         3d7       45%         3
 Swiftness                Air            1%         N/A       45%         3
 Teleport Other           Tloc           1%         N/A       45%         3
 Vampiric Draining        Necr           1%         2d6       45%         3
 Volatile Blastmotes      Fire/Tloc      2%         2d10      45%         3
 Airstrike                Air            0%         2d(1-17)  86%         4
 Anguish                  Hex/Necr       0%         N/A       86%         4
 Dispel Undead            Necr           1%         3d6       86%         4
 Flame Wave               Conj/Fire      1%         2d4       86%         4
 Fulminant Prism          Conj/Alch      0%         3d5       86%         4
 Ignite Poison            Fire/Alch      1%         N/A       86%         4
 Iskenderun's Mystic Bla  Conj/Tloc      1%         2d3       86%         4
 Leda's Liquefaction      Alch/Erth      0%         N/A       86%         4
 Sticky Flame             Fire/Alch      1%         2d4       86%         4
 Metabolic Englaciation   Hex/Ice        5%         N/A       87%         5
 Freezing Cloud           Conj/Ice/Air   3%         6-21      94%         5
 Curse of Agony           Necr           1%         N/A       99%         5
 Irradiate                Conj/Alch      0%         3d11      99%         5
 Iskenderun's Battlesphe  Conj           1%         2d6       99%         5
 Lee's Rapid Deconstruct  Erth           0%         3d4*      99%         5
 Bombard                  Conj/Erth      0%         9d1       100%        6
 Dispersal                Tloc           0%         N/A       100%        6
 Starburst                Conj/Fire      0%         6d3       100%        6
 Borgnjor's Revivificati  Necr           0%         N/A       100%        8
 Ignition                 Fire           0%         3d3       100%        8
 Maxwell's Capacitive Co  Air            0%         ∞         100%        8
 Chain Lightning          Conj/Air       0%         2d1       100%        9
 Death's Door             Necr           0%         N/A       100%        9
 Summon Small Mammal      Summ           Unusable   N/A       N/A         1
 Summon Ice Beast         Ice/Summ       Unusable   N/A       N/A         3
 Martyr's Knell           Necr/Summ      Unusable   N/A       N/A         4
 Summon Lightning Spire   Summ/Air       Unusable   N/A       N/A         4
 Death Channel            Necr           Unusable   N/A       N/A         6
 Sculpt Simulacrum        Ice/Alch       Unusable   N/A       N/A         6
 Summon Cactus Giant      Summ           Unusable   N/A       N/A         6
 Haunt                    Necr/Summ      Unusable   N/A       N/A         7
 Spellforged Servitor     Conj/Summ      Unusable   N/A       N/A         7

Dungeon Overview and Level Annotations

Branches:
Dungeon (15/15)            Temple (0/1) D:5            Lair (5/5) D:11
  Swamp (4/4) Lair:3        Snake (4/4) Lair:2        Slime (0/5) Lair:4
    Orc (2/2) D:10            Elf (0/3) Orc:2        Vaults (5/5) D:14
  Crypt (0/3) Vaults:3     Depths (4/4) D:15            Zot (5/5) Depths:4
  Sewer (visited)           IceCv (visited)

Altars:
Ashenzari
Cheibriados
Fedhas
Hepliaklqana
Kikubaaqudgha
Makhleb
Nemelex Xobeh
Okawaru
Ru
Sif Muna
Uskayaw
Wu Jian
Xom
Yredelemnul
Zin
Beogh
Lugonu

Shops:
D:9 !   D:12 (   Orc:1 ?   Orc:2 *?=!   Snake:1 =:=   Vaults:4 =   Vaults:5 :

Portals:
Hell: Depths:1 Depths:2 Depths:3 Depths:4
Abyss: D:3 Depths:1 Depths:3
Pandemonium: Depths:1 Depths:2
Ziggurat: Depths:4

Annotations:
D:3 2 transporters, flinslave4's ghost, amateur KoHu
D:4 1 transporter, TheOfficialSoup's ghost, amateur MiFi
D:10 5 runed translucent doors
D:11 1 runed translucent door, exclusions: player ghost and 3 more exclusions, ozjimbob's ghost, journeyman MiFi
Lair:3 exclusion: oklob plant
Lair:4 4 runed translucent doors, Minorbread's ghost, journeyman OnGl


Innate Abilities, Weirdness & Mutations

You are a fearsome dragon!
You have a powerful clawing attack.
Your giant scaled body is strong and resilient, but less evasive.
You can breathe fire.
You are flying.
Your maximum health is greatly increased.
Your armour is entirely melded.
You are incapable of wielding weapons or throwing items.
((You have a pair of small horns on your head.))
You have a somewhat thin skeletal structure. (Dex +2, Stealth+)
You are agile. (Dex +4, Str/Int -1)
Your body sometimes deteriorates upon taking damage.
You are frail. (-10% HP)
Your muscles are strong. (Str +4, Int/Dex -1)
((Your movements are slightly less encumbered by armour. (ER -2)))


Message History

You kill the Hell Sentinel!
Okawaru accepts your kill.
Unknown command.
Unknown command.
Things that are here:
3 stones; a +0 dagger Unknown command.
You claw the Orb Guardian! Your bite misses the Orb Guardian.
The Orb Guardian is lightly wounded.
Unknown command.
You maul the Orb Guardian!!!!
The Orb Guardian is almost dead.
Unknown command.
You maul the Orb Guardian!!!!
You kill the Orb Guardian!
Okawaru accepts your kill.
Magic restored.
Things that are here:
3 stones; a +0 dagger HP restored.
Your extra speed is starting to run out.
There is an escape hatch in the ceiling here. 체력이 전부 회복되었습니다. (316); 마력이 전부 회복되었습니다. (34)
A mysterious force pulls you upwards. The hatch slams shut behind you.
You feel yourself slow down.
You feel like a meek peon again.
A daeva comes into view.
It is wielding a +5 scimitar of holy wrath.
Blink to where?
Press: ? - help, Dir - move target
As you read the scroll of blinking, it crumbles to dust.
The daeva moves out of view.
You feel a little less mighty now.
A Tzitzimitl comes into view.
Blink to where?
Press: ? - help, Dir - move target
As you read the scroll of blinking, it crumbles to dust.
The Tzitzimitl gestures at you. The bolt of negative energy hits you!
You partially resist.
HP restored.
You feel drained.
You have escaped!

### ####D#
#####...## #
######........#
####.............#
...........§..1.##
.........#....###
..........#####
.......####
...#####


You could see a Tzitzimitl.

Vanquished Creatures
  Frederick (Depths:4)
  3 ancient liches
  4 dread liches
  8 orbs of fire
  Mennas (Vaults:5)
  3 royal mummies (Depths:3)
  Boris (twice) (Depths:1 Depths:3)
  7 Killer Klowns
  4 golden dragons
  2 electric golems (Zot:5)
  Mlioglotl (Snake:1)
  A lich (Depths:2)
  10 tentacled monstrosities
  An Ice Fiend (IceCv)
  2 Hell Sentinels
  The ghost of bob002 the Imperceptible, a veteran VSEn of Uskayaw (Vaults:4)
  Jorgrun (D:15)
  6 titans (Vaults:5)
  24 Orb Guardians
  A walking earthen tome (Depths:4)
  2 quicksilver dragons
  A walking frostbound tome (Depths:2)
  Gastronok (Lair:1)
  8 sphinxes
  3 death cobs (Zot:5)
  3 thorn hunters
  4 tengu reavers
  5 storm dragons
  2 shadow dragons
  4 nagarajas
  8 fire giants
  9 frost giants
  A draconian shifter (Zot:5)
  3 draconian monks (Zot:4)
  A draconian knight (Zot:4)
  A ghost moth (Zot:4)
  An angel (D:15)
  22 vault wardens
  2 draconian scorchers
  3 draconian annihilators
  2 orc warlords (Orc:2)
  A draconian stormcaller (Zot:4)
  12 stone giants
  2 spriggan defenders (Depths:1)
  17 ironbound preservers
  19 very ugly things
  2 formless jellyfish
  2 vampire knights (Depths:2)
  4 deep elf demonologists
  3 eleionomae
  6 ironbound thunderhulks
  6 yellow draconians
  2 deep elf annihilators (Vaults:5)
  4 bunyips
  5 spark wasps
  A black draconian (Zot:4)
  6 red draconians
  3 war gargoyles
  3 green draconians
  5 white draconians
  7 dire elephants (Vaults:1)
  A blizzard demon (Depths:2)
  A spectral quicksilver dragon (Vaults:4)
  A green death (D:14)
  13 ettins
  8 fire dragons
  A shambling mangrove (Swamp:4)
  Harold (D:10)
  2 deep elf high priests (Vaults:5)
  5 great orbs of eyes
  Fannar (Lair:1)
  3 entropy weavers
  3 jiangshi
  2 mummy priests (Depths:3)
  4 rakshasas
  Erolcha (D:12)
  10 yaktaur captains
  A spectral tengu (Vaults:4)
  A peacekeeper (Vaults:3)
  9 ice dragons
  23 hydras
  30 vault guards
  2 ogre magi
  7 ironbound frosthearts
  A hell beast (Depths:1)
  2 salamander tyrants
  4 alligators
  A caustic shrike simulacrum (IceCv)
  11 boulder beetles
  6 spriggan air magi
  A death knight (Vaults:3)
  4 death yaks
  8 tengu warriors
  7 two-headed ogres
  6 centaur warriors
  8 deep troll shamans
  20 naga warriors
  7 anacondas
  11 naga sharpshooters
  An orc high priest (Orc:2)
  A demonic crawler (D:13)
  8 shock serpents
  3 vampire magi
  19 deep troll earth magi
  A hell knight (Depths:1)
  A soul eater (Depths:2)
  3 spriggan berserkers
  Amaemon (Lair:1)
  Nergalle (Lair:3)
  6 skeletal warriors
  8 salamander mystics
  3 skysharks
  A sixfirhy (D:15)
  67 deep trolls
  A death drake (Swamp:4)
  12 iron trolls
  7 mana vipers
  2 glowing orange brains
  5 goliath frogs
  A spriggan rider (Depths:1)
  A golden dragon zombie (Depths:2)
  11 swamp dragons
  2 flayed ghosts (Depths:2)
  9 spriggan simulacra (IceCv)
  11 lindwurms
  2 shadow demons
  A spriggan druid (Swamp:1)
  A glowing orange brain (shapeshifter) (Vaults:5)
  2 arcanists
  9 bog bodies
  An obsidian statue (IceCv)
  An orange crystal statue (Zot:5)
  9 naga ritualists
  A shadow dragon zombie (Depths:2)
  23 ironbound convokers
  2 deep elf pyromancers
  4 orc sorcerers
  7 phantasmal warriors
  13 harpies (Vaults:1)
  A shock serpent (shapeshifter) (D:12)
  8 orc knights
  A tengu skeleton (Depths:2)
  A spectral deep troll (Vaults:4)
  5 cyclopes
  A necromancer (Depths:1)
  18 salamanders
  A spectral ettin (Vaults:4)
  4 will-o-the-wisps
  38 ugly things
  10 moths of wrath
  A moth of wrath (shapeshifter) (Vaults:5)
  7 manticores
  10 elephants
  7 guardian serpents
  An eye of devastation (shapeshifter) (Vaults:5)
  3 gargoyles (D:12)
  19 naga magi
  7 kobold blastminers
  32 black mambas
  A storm dragon simulacrum (Vaults:4)
  14 vault sentinels
  A hellion (Depths:2)
  2 torpor snails
  33 yaktaurs
  12 cane toads
  An orange demon (Lair:1)
  2 efreet
  12 freezing wraiths
  4 komodo dragons
  2 rime drakes (Lair:5)
  3 unseen horrors
  6 tengu conjurers
  An anaconda simulacrum (IceCv)
  13 ice devils (IceCv)
  A golden dragon simulacrum (IceCv)
  A spriggan skeleton (Depths:2)
  A spectral glowing shapeshifter (Vaults:4)
  A polar bear (Lair:4)
  8 trolls
  10 tyrant leeches
  10 hornets
  An alligator simulacrum (IceCv)
  2 tarantellas
  13 dream sheep
  11 blink frogs
  A human simulacrum (Vaults:4)
  A centaur simulacrum (D:15)
  41 slime creatures
  A spectral human (Vaults:4)
  4 water elementals (D:13)
  50 yaks
  11 spriggans
  Eustachio (D:4)
  4 wraiths
  A yak (shapeshifter) (D:12)
  4 wyverns
  Grum (D:10)
  7 basilisks
  A fire elemental (D:13)
  5 wargs (Orc:2)
  A steam dragon (D:9)
  7 minotaur simulacra (IceCv)
  A golden eye (shapeshifter) (D:15)
  5 redbacks
  12 vampire mosquitoes
  3 harpy simulacra (IceCv)
  45 nagas
  15 swamp worms
  15 water moccasins
  3 acid dragons
  2 hell hounds (Zot:1)
  2 laughing skulls (D:14)
  10 swamp drakes
  61 orc warriors
  2 sky beasts
  An ice beast (D:7)
  An ettin simulacrum (IceCv)
  32 wolves
  11 deep troll simulacra
  4 ogres
  9 centaurs
  A boggart (D:12)
  4 kobold brigands
  A weeping skull (D:3)
  16 bullfrogs
  2 brain worms (Sewer)
  A gnoll sergeant (D:12)
  3 scorpions
  A glowing shapeshifter simulacrum (Vaults:4)
  3 wights (D:7)
  5 killer bees (D:11)
  5 electric eels
  6 howler monkeys
  2 lava snakes (D:13)
  A bombardier beetle (D:3)
  27 orc priests
  3 hounds
  A jelly (D:6)
  A sleepcap (D:8)
  Ijyb (D:3)
  5 iguanas
  22 orc wizards
  A hell rat (Lair:5)
  Robin (D:3)
  7 adders
  8 gnolls
  6 river rats
  A shadow imp (D:6)
  2 white imps
  2 ufetubi (D:7)
  3 ribbon worms (D:4)
  6 dart slugs
  110 orcs
  12 ball pythons
  13 bats
  4 endoplasms
  5 giant cockroaches
  14 goblins
  9 hobgoblins
  6 jackals
  15 kobolds
  6 quokkas
  5 frilled lizards
  14 rats
  A spectral orc (D:3)
1846 creatures vanquished.

Vanquished Creatures (others)
  4 bloated husks
  A yak (D:12)
  A basilisk (D:12)
  12 foxfires
18 creatures vanquished.

Grand Total: 1864 creatures vanquished

Notes
Turn   | Place    | Note
-------+----------+-------------------------------------------
     0 | D:1      | ww7 the Hill Orc Ice Elementalist began the quest for the
                  | Orb.
     0 | D:1      | Reached XP level 1. HP: 14/14 MP: 3/3
   287 | D:1      | Reached XP level 2. HP: 20/20 MP: 0/4
   711 | D:1      | Reached XP level 3. HP: 17/27 MP: 2/6
   926 | D:1      | Reached skill level 1 in Unarmed Combat
  1160 | D:1      | Learned a level 3 spell: Frozen Ramparts
  1765 | D:2      | Reached XP level 4. HP: 34/34 MP: 7/7
  1776 | D:2      | Reached skill level 1 in Fighting
  2091 | D:2      | Reached skill level 1 in Shapeshifting
  2418 | D:3      | Noticed Ijyb
  2432 | D:3      | Killed Ijyb
  2433 | D:3      | Reached XP level 5. HP: 33/40 MP: 0/8
  2605 | D:3      | Found a transporter.
  2607 | D:3      | Found a transporter.
  2609 | D:3      | Noticed a small abomination
  2616 | D:3      | Noticed a kobold brigand
  2641 | D:3      | Noticed flinslave4's ghost (amateur KoHu)
  2642 | D:3      | Found a one-way gate to the infinite horrors of the Abyss.
  2708 | D:3      | Found an iron altar of Okawaru.
  2779 | D:3      | Found a broken altar of Ashenzari.
  2835 | D:3      | Became a worshipper of Warmaster Okawaru
  2907 | D:3      | Reached skill level 2 in Unarmed Combat
  3195 | D:3      | Found a shimmering altar of Xom.
  3314 | D:3      | Noticed Robin
  3327 | D:3      | Killed Robin
  3328 | D:3      | Reached skill level 3 in Unarmed Combat
  3328 | D:3      | Reached XP level 6. HP: 42/48 MP: 2/9
  3636 | D:3      | Found a basalt altar of Yredelemnul.
  3847 | D:4      | Learned a level 3 spell: Ozocubu's Armour
  3859 | D:4      | Reached * piety under Okawaru
  3938 | D:4      | Reached skill level 4 in Unarmed Combat
  3987 | D:4      | Found a glowing drain.
  3991 | Sewer    | Entered a sewer
  4071 | Sewer    | Reached XP level 7. HP: 41/53 MP: 4/10
  4266 | Sewer    | Draconianmaid: 왈도 마전사 특)자꾸 중갑 입고 싶어짐
  4266 | Sewer    | Reached ** piety under Okawaru
  4267 | Sewer    | Reached skill level 5 in Unarmed Combat
  4280 | Sewer    | ww7: ㅋㅋㅋㅋ
  4451 | Sewer    | Draconianmaid: 사실 왈도를 믿으면
  4455 | Sewer    | Draconianmaid: 게임은 거의 깬거다 않임니까
  4458 | Sewer    | ww7: 그른거임?? ㅋㅋ
  4475 | Sewer    | Draconianmaid: 근데 여기서 괜히 마법을 배운다?
  4969 | Sewer    | Draconianmaid: 승리 확률이 점점 떨어지는 거거든요
  4969 | Sewer    | Draconianmaid: ㄹㅇ....
  5011 | Sewer    | ww7: ㅋㅋㅋㅋ
  5077 | D:4      | Reached XP level 8. HP: 43/60 MP: 3/11
  5196 | D:4      | Found a transporter.
  5196 | D:4      | Noticed TheOfficialSoup's ghost (amateur MiFi)
  5383 | D:4      | Reached skill level 6 in Unarmed Combat
  5413 | D:4      | Noticed Eustachio
  5452 | D:4      | Killed Eustachio
  5542 | D:4      | domd1: 오크타일 맛있네요
  5544 | D:5      | Entered Level 5 of the Dungeon
  5557 | D:5      | ww7: 굿
  5856 | D:5      | Reached skill level 5 in Shapeshifting
  6242 | D:5      | Reached skill level 7 in Unarmed Combat
  6313 | D:5      | Found a staircase to the Ecumenical Temple.
  6397 | D:5      | Found an ornate altar of the Wu Jian Council.
  6876 | D:6      | Reached *** piety under Okawaru
  7617 | D:7      | Reached skill level 8 in Unarmed Combat
  7617 | D:7      | Reached skill level 1 in Invocations
  7617 | D:7      | Reached XP level 9. HP: 38/67 MP: 6/12
  8144 | D:7      | Found a blossoming altar of Fedhas.
  8382 | D:7      | Found a snail-covered altar of Cheibriados.
  8859 | D:8      | Reached **** piety under Okawaru
  8860 | D:8      | Reached skill level 9 in Unarmed Combat
  9065 | D:8      | Noticed an efreet
  9215 | D:9      | Found Saehen's Distillery.
  9469 | D:9      | Noticed a two-headed ogre
 10265 | D:9      | Found a sacrificial altar of Ru.
 10271 | D:9      | Found a burning altar of Makhleb.
 10276 | D:9      | Found a hide-covered altar of Uskayaw.
 10322 | D:10     | Entered Level 10 of the Dungeon
 10334 | D:10     | Found a shimmering blue altar of Sif Muna.
 10346 | D:10     | Noticed a troll
 10373 | D:10     | Killed a troll
 10432 | D:10     | Noticed a two-headed ogre
 10515 | D:10     | Reached XP level 10. HP: 70/74 MP: 13/13
 10537 | D:10     | Reached skill level 5 in Invocations
 10644 | D:10     | Noticed Grum
 10677 | D:10     | Killed Grum
 10752 | D:10     | Reached skill level 10 in Unarmed Combat
 10871 | D:10     | Noticed a two-headed ogre
 10899 | D:10     | Killed a two-headed ogre
 10907 | D:10     | Found an ancient bone altar of Kikubaaqudgha.
 11015 | D:10     | Killed a two-headed ogre
 11015 | D:10     | Reached ***** piety under Okawaru
 11021 | D:10     | Noticed Harold
 11039 | D:10     | Killed Harold
 11040 | D:10     | Reached skill level 5 in Fighting
 11045 | D:10     | Found the +9 staff of Olgreb {rPois∞}
 11065 | D:10     | Noticed a wolf spider
 11066 | D:10     | Found a runed translucent gate.
 11066 | D:10     | Found a runed translucent gate.
 11066 | D:10     | Noticed a wolf spider
 11067 | D:10     | Found a runed translucent door.
 11077 | D:10     | Found a runed translucent gate.
 11078 | D:10     | Noticed a black mamba
 11078 | D:10     | Noticed a black mamba
 11078 | D:10     | Noticed a black mamba
 11078 | D:10     | Noticed a wolf spider
 11086 | D:10     | Found a runed translucent door.
 11155 | D:10     | Noticed a boulder beetle
 11172 | D:10     | Killed a boulder beetle
 11173 | D:10     | Reached XP level 11. HP: 44/88 MP: 16/16
 11734 | D:9      | Killed a two-headed ogre
 12044 | D:10     | Found a staircase to the Orcish Mines.
 12233 | D:11     | Noticed ozjimbob's ghost (journeyman MiFi)
 12348 | D:11     | Noticed a cyclops
 12360 | D:11     | Killed a cyclops
 12490 | D:11     | Found a staircase to the Lair.
 12688 | D:11     | Reached skill level 11 in Unarmed Combat
 12811 | D:11     | Found a runed translucent door.
 13883 | Lair:1   | Entered Level 1 of the Lair of Beasts
 13915 | Lair:1   | Reached skill level 5 in Dodging
 14081 | Lair:1   | Noticed a death yak
 14081 | Lair:1   | Noticed a boulder beetle
 14215 | Lair:1   | Received a gift from Okawaru
 14491 | Lair:1   | Killed a death yak
 14561 | Lair:1   | Killed a boulder beetle
 14804 | Lair:1   | You fall into a shaft and drop 1 floor!
 14843 | Lair:2   | Reached XP level 12. HP: 87/100 MP: 9/18
 15394 | Lair:2   | Noticed Urug
 15401 | Lair:2   | Urug changed into Urug the skyshark
 15401 | Lair:2   | Noticed Urug
 15409 | Lair:2   | Killed Urug the skyshark
 15498 | Lair:2   | Received a gift from Okawaru
 15652 | Lair:2   | Reached skill level 12 in Unarmed Combat
 15726 | Lair:2   | Found a staircase to the Snake Pit.
 15749 | Lair:2   | Reached skill level 10 in Invocations
 16222 | Lair:3   | Noticed a boulder beetle
 16244 | Lair:3   | Killed a boulder beetle
 16244 | Lair:3   | Received a gift from Okawaru
 16329 | Lair:3   | Noticed an eight-headed hydra
 16342 | Lair:3   | Killed an eight-headed hydra
 16539 | Lair:4   | Reached ****** piety under Okawaru
 16544 | Lair:4   | Reached XP level 13. HP: 105/111 MP: 7/21
 16563 | Lair:4   | Received a gift from Okawaru
 16578 | Lair:4   | Acquired the +0 hat of Optimidi {rC+ Str+4}
 16578 | Lair:4   | Received a gift from Okawaru
 16997 | Lair:3   | Acquired a +1 heavy executioner's axe
 16997 | Lair:3   | Received a gift from Okawaru
 17135 | Lair:3   | Reached skill level 10 in Fighting
 17135 | Lair:3   | Reached skill level 10 in Shapeshifting
 17470 | Lair:3   | Noticed Nergalle
 17512 | Lair:3   | Received a gift from Okawaru
 17535 | Lair:3   | Killed Nergalle
 17536 | Lair:3   | Reached skill level 13 in Unarmed Combat
 17867 | Lair:3   | Found a sacrificial altar of Ru.
 18212 | Lair:3   | Found a staircase to the Swamp.
 18685 | Lair:4   | Found a runed translucent gate.
 18685 | Lair:4   | Found a runed translucent gate.
 18685 | Lair:4   | Found a runed translucent gate.
 19103 | Lair:4   | Noticed Minorbread's ghost (journeyman OnGl)
 19108 | Lair:4   | Found a runed translucent door.
 19118 | Lair:4   | Found a staircase to the Slime Pits.
 19540 | Lair:5   | Entered Level 5 of the Lair of Beasts
 19559 | Lair:5   | Received a gift from Okawaru
 20149 | Lair:5   | Identified a scroll of acquirement
 20149 | Lair:5   | Acquired a manual of Fighting
 20204 | Lair:5   | Reached XP level 14. HP: 96/124 MP: 19/22
 20609 | Lair:5   | Received a gift from Okawaru
 21521 | Lair:5   | Received a gift from Okawaru
 21657 | Lair:5   | Reached skill level 14 in Unarmed Combat
 22204 | Lair:1   | Noticed Fannar
 22222 | Lair:1   | Killed Fannar
 22224 | Lair:1   | Noticed Gastronok
 22258 | Lair:1   | Killed Gastronok
 22373 | Lair:1   | Noticed Amaemon
 22411 | Lair:1   | Killed Amaemon
 23271 | D:12     | Received a gift from Okawaru
 23773 | D:12     | Found Roasifio's Antique Weapon Shoppe.
 23798 | D:12     | Reached skill level 5 in Stealth
 23806 | D:12     | Noticed Erolcha
 23858 | D:12     | Killed Erolcha
 24117 | D:12     | Received a gift from Okawaru
 24141 | D:12     | Noticed a sphinx
 24172 | D:12     | Noticed a sphinx
 24193 | D:12     | Killed a sphinx
 24194 | D:12     | Reached XP level 15. HP: 125/137 MP: 17/23
 25144 | D:12     | Noticed a sphinx
 25155 | D:12     | Paralysed by a sphinx for 5 turns
 25507 | D:12     | Received a gift from Okawaru
 25772 | D:12     | Noticed a storm dragon
 25882 | D:12     | Paralysed by an orc sorcerer for 4 turns
 25889 | D:12     | Paralysed by an orc sorcerer for 3 turns
 26516 | D:13     | Reached skill level 15 in Fighting
 26533 | D:13     | Reached skill level 15 in Unarmed Combat
 26624 | D:13     | Received a gift from Okawaru
 27359 | D:13     | Identified the +1 pair of gloves of the Falcon {Int+3}
 27858 | D:13     | Found a roughly hewn altar of Beogh.
 28196 | D:14     | Reached skill level 10 in Dodging
 28198 | D:14     | Found a gate to the Vaults.
 28259 | D:14     | Received a gift from Okawaru
 28326 | D:14     | You fall into a shaft and drop 1 floor!
 28326 | D:15     | Entered Level 15 of the Dungeon
 28449 | D:15     | Noticed Jorgrun
 28464 | D:15     | Killed Jorgrun
 28809 | D:15     | Reached XP level 16. HP: 122/151 MP: 16/24
 29101 | D:15     | Found a staircase to the Depths.
 29227 | D:15     | Received a gift from Okawaru
 29822 | D:15     | Found a sparkling altar of Nemelex Xobeh.
 30233 | D:14     | Found a hazy altar of Hepliaklqana.
 30359 | D:14     | Found a glowing silver altar of Zin.
 30646 | Orc:1    | Entered Level 1 of the Orcish Mines
 30735 | Orc:1    | Found a shimmering altar of Xom.
 30879 | Orc:1    | Found a roughly hewn altar of Beogh.
 31030 | Orc:1    | Found Ryenwix's Magic Scroll Boutique.
 31037 | Orc:1    | Bought a scroll of poison for 48 gold pieces
 31037 | Orc:1    | Bought a scroll of teleportation for 36 gold pieces
 31184 | Orc:2    | Entered Level 2 of the Orcish Mines
 31301 | Orc:2    | Reached skill level 16 in Unarmed Combat
 31303 | Orc:2    | Received a gift from Okawaru
 31583 | Orc:2    | Found Qeij's Jewellery Boutique.
 31583 | Orc:2    | Found Ruhalinn's Magic Scroll Shoppe.
 31585 | Orc:2    | Found Alisal's Assorted Antiques.
 31587 | Orc:2    | Found Jaewnack's Distillery.
 31896 | Orc:2    | Bought a scroll of teleportation for 42 gold pieces
 31896 | Orc:2    | Bought a scroll of poison for 56 gold pieces
 31898 | Orc:2    | Bought a heavily runed cloak for 266 gold pieces
 31898 | Orc:2    | Identified the +4 cloak of Qasu {Int+4} (You bought it in a
                  | shop on level 2 of the Orcish Mines)
 31913 | Orc:2    | Bought a potion of curing for 45 gold pieces
 31913 | Orc:2    | Bought a potion of heal wounds for 75 gold pieces
 31913 | Orc:2    | Bought 2 potions of haste for 300 gold pieces
 31913 | Orc:2    | Bought a potion of mutation for 120 gold pieces
 31913 | Orc:2    | Bought 2 potions of curing for 90 gold pieces
 31913 | Orc:2    | Bought a potion of invisibility for 120 gold pieces
 31916 | Orc:2    | Bought a scroll of immolation for 56 gold pieces
 31918 | Orc:2    | Bought an embroidered cloak for 210 gold pieces
 32045 | Orc:2    | Received a gift from Okawaru
 32048 | Orc:2    | Identified the ring "Uplim" {Ice rN+ Str+2 Int-5}
 32215 | Orc:2    | Found a staircase to the Elven Halls.
 32888 | Swamp:1  | Entered Level 1 of the Swamp
 32979 | Swamp:1  | Reached skill level 1 in Shields
 33977 | Swamp:2  | Received a gift from Okawaru
 34062 | Swamp:2  | Reached XP level 17. HP: 103/163 MP: 12/25
 34261 | Swamp:2  | Identified the +0 scale mail "Dianne" {rCorr Int+3 Dex+3}
 34770 | Swamp:3  | Noticed a tentacled monstrosity
 34784 | Swamp:3  | Killed a tentacled monstrosity
 35220 | Swamp:3  | Received a gift from Okawaru
 35772 | Swamp:4  | Entered Level 4 of the Swamp
 36148 | Swamp:4  | Reached skill level 17 in Unarmed Combat
 36247 | Swamp:4  | Reached skill level 1 in Evocations
 36422 | Swamp:4  | Noticed a tentacled monstrosity
 36444 | Swamp:4  | Killed a tentacled monstrosity
 36694 | Swamp:4  | Received a gift from Okawaru
 37280 | Swamp:4  | Got a decaying rune of Zot
 37358 | Swamp:4  | Found the +10 Black Knight's barding {ponderous, rPois rN+}
 37847 | Vaults:1 | Entered Level 1 of the Vaults
 38947 | Vaults:1 | Reached XP level 18. HP: 148/172 MP: 19/27
 39103 | Vaults:1 | Received a gift from Okawaru
 39997 | Vaults:1 | Reached skill level 18 in Unarmed Combat
 40792 | Vaults:2 | Received a gift from Okawaru
 42162 | Vaults:2 | Received a gift from Okawaru
 42476 | Vaults:2 | Acquired 619 gold pieces
 42510 | Vaults:2 | You fall into a shaft and drop 2 floors!
 42625 | Vaults:4 | Identified the +0 chain mail of Puenaid {rCorr Int+3}
 43166 | Vaults:4 | Reached XP level 19. HP: 59/179 MP: 1/29
 43829 | Vaults:3 | Received a gift from Okawaru
 44322 | Vaults:3 | Received a gift from Okawaru
 44323 | Vaults:3 | Reached skill level 19 in Unarmed Combat
 44563 | Vaults:3 | Reached skill level 15 in Invocations
 44853 | Vaults:3 | Reached skill level 15 in Shapeshifting
 45773 | Vaults:3 | Paralysed by a formless jellyfish for 1 turns
 45799 | Vaults:3 | Received a gift from Okawaru
 46087 | Vaults:3 | Found a staircase to the Crypt.
 47282 | Vaults:4 | Found Doyxubiv's Jewellery Boutique.
 47290 | Vaults:4 | Bought a dragon-blood talisman for 900 gold pieces
 47406 | Vaults:4 | Received a gift from Okawaru
 47638 | Vaults:4 | Found a runed translucent gate.
 47638 | Vaults:4 | Found a runed translucent gate.
 47638 | Vaults:4 | Found a runed translucent gate.
 47640 | Vaults:4 | Noticed bob002's ghost (veteran VSEn)
 47712 | Vaults:4 | Gained mutation: Your natural rate of healing is unusually
                  | fast. [potion of mutation]
 47712 | Vaults:4 | Gained mutation: You have hidden genetic potential. [potion
                  | of mutation]
 47712 | Vaults:4 | Lost mutation: Your natural rate of healing is unusually
                  | fast. [potion of mutation]
 47712 | Vaults:4 | Gained mutation: You expend magic power (3 MP) to
                  | strengthen your wands. [potion of mutation]
 47819 | Vaults:4 | Killed bob002's ghost
 47852 | Vaults:4 | Identified the ring of Doacva Jydo {rPois rF+ rC- Will+}
 48343 | Depths:1 | Entered Level 1 of the Depths
 48427 | Depths:1 | Reached XP level 20. HP: 182/187 MP: 21/31
 48634 | Depths:1 | Found a portal to a secret trove of treasure.
 48889 | Depths:1 | Received a gift from Okawaru
 49758 | Depths:1 | Noticed Boris
 49765 | Depths:1 | Killed Boris
 49767 | Depths:1 | Found a gateway to Hell.
 50210 | Depths:1 | Found a sacrificial altar of Ru.
 50364 | Depths:1 | Found a one-way gate leading to the halls of Pandemonium.
 51557 | Depths:1 | Received a gift from Okawaru
 52180 | Depths:1 | Reached skill level 20 in Unarmed Combat
 52491 | Depths:2 | Identified the +1 rapier of the Mind {elec, rElec rF-
                  | Will++ Stlth-}
 53598 | Depths:2 | Identified the +6 great mace of Greatest Utility {flame,
                  | SInv}
 53759 | Depths:1 | Gained mutation: Your mind is acute. (Int +4, Str/Dex -1)
                  | [hidden potential]
 53766 | Depths:2 | Noticed a golden dragon
 53808 | Depths:2 | Killed a golden dragon
 53808 | Depths:2 | Received a gift from Okawaru
 53846 | Depths:2 | Reached XP level 21. HP: 162/198 MP: 15/32
 54145 | Depths:2 | Found a hide-covered altar of Uskayaw.
 54544 | Depths:2 | Paralysed by a vampire knight for 5 turns
 55039 | Depths:2 | Received a gift from Okawaru
 55896 | Depths:3 | Reached skill level 15 in Dodging
 56297 | Depths:3 | Found a corrupted altar of Lugonu.
 56810 | Depths:3 | Noticed a royal mummy
 56824 | Depths:3 | Killed a royal mummy
 57260 | Depths:3 | Noticed a royal mummy
 57260 | Depths:3 | Noticed a royal mummy
 57283 | Depths:3 | Killed a royal mummy
 57701 | Depths:3 | Found the +7 sceptre of Torment {pain, torment}
 57755 | Depths:3 | Killed a royal mummy
 57882 | Depths:4 | Entered Level 4 of the Depths
 57897 | Depths:4 | Noticed Boris
 57902 | Depths:4 | Noticed a golden dragon
 57912 | Depths:3 | Killed Boris
 57913 | Depths:3 | Reached skill level 21 in Unarmed Combat
 57913 | Depths:3 | Gained mutation: Your skin changes colour to match your
                  | surroundings (Stealth+). [hidden potential]
 57913 | Depths:3 | Lost mutation: You have hidden genetic potential. [hidden
                  | potential expressed]
 58156 | Depths:4 | Killed a golden dragon
 58167 | Depths:4 | Received a gift from Okawaru
 58239 | Depths:4 | Identified the orb of Ru {*channel, rC++}
 58239 | Depths:4 | Noticed Frederick
 58283 | Depths:4 | Noticed a golden dragon
 58295 | Depths:4 | Killed a golden dragon
 58318 | Depths:4 | Found a gate to the Realm of Zot.
 58712 | Depths:4 | Killed Frederick
 58918 | Depths:4 | Reached XP level 22. HP: 210/210 MP: 33/33
 59465 | Depths:4 | Found a one-way gateway to a ziggurat.
 59466 | Depths:4 | Noticed a dread lich
 59477 | Depths:4 | Killed a dread lich
 59477 | Depths:4 | Received a gift from Okawaru
 60047 | Depths:1 | You paid a toll of 6 scrolls of fear to enter a treasure
                  | trove
 60048 | Trove    | Entered a treasure trove
 60053 | Trove    | Identified the ring of Hewixex {rCorr Stlth+}
 60054 | Trove    | Identified the amulet of Kuda {Regen+ Dex+4}
 60067 | Trove    | Identified the ring of Incredulity {rN++ AC+4 Int+3}
 60069 | Trove    | Identified the ring of Foepoc {AC+4 Int+2}
 60073 | Trove    | Identified the ring "Jyosim" {Will++ rCorr Str+6}
 60076 | Trove    | Identified the ring of Rauwor {+Blink Fly rN+ Dex+2 Stlth+}
 60079 | Trove    | Identified the amulet "Guotet" {rElec rPois Regen+ Str-3
                  | Int+3}
 60092 | Trove    | Identified the amulet of Joxkuqur {Reflect Will+ SH+5
                  | Stlth+}
 60437 | Vaults:5 | Entered Level 5 of the Vaults
 60520 | Vaults:5 | Noticed an ancient lich
 60539 | Vaults:5 | Killed an ancient lich
 60550 | Vaults:5 | Received a gift from Okawaru
 60554 | Vaults:5 | Found Guzoxeiw's Book Boutique.
 60780 | Vaults:5 | Reached skill level 1 in Throwing
 61015 | Vaults:5 | Identified the +3 leather armour of Dithmenos, Howling
                  | {+Blink rElec Int+4}
 61033 | Vaults:5 | Identified the +8 plate armour of Tenacity {rF+ MP+9 Int+2
                  | Stlth+}
 61189 | Vaults:5 | Noticed a dread lich
 61193 | Vaults:5 | Killed a dread lich
 61193 | Vaults:5 | Received a gift from Okawaru
 61239 | Vaults:5 | Noticed a dread lich
 61250 | Vaults:5 | Killed a dread lich
 61251 | Vaults:5 | Reached skill level 5 in Throwing
 61416 | Vaults:5 | Got the Codex of Burning Rime
 61424 | Vaults:5 | Got Viys's Elucidation of Gritty Death
 61475 | Vaults:5 | Identified the +2 sling of the Bruised Bones {heavy, rPois
                  | rF+ Stlth+}
 61536 | Vaults:5 | Got a silver rune of Zot
 61628 | Vaults:5 | Received a gift from Okawaru
 61896 | Vaults:5 | Reached XP level 23. HP: 218/218 MP: 34/34
 62058 | Vaults:5 | Noticed Mennas
 62091 | Vaults:5 | Killed Mennas
 62092 | Vaults:5 | Identified the amulet of Tokibbon {Acrobat rElec}
 62117 | Vaults:5 | Received a gift from Okawaru
 62264 | Vaults:5 | Identified the death talisman "Ronlafod" {Dex+2 Slay+5}
 62366 | Vaults:5 | Identified the serpent talisman of Repulsion {rElec Dex+5
                  | Stlth-}
 62368 | Vaults:5 | Got the Octavo of Frosty Shades
 62378 | Vaults:5 | Got Sif Muna's Papyrus of the Salvo and the Plateau
 63853 | Snake:1  | Entered Level 1 of the Snake Pit
 63858 | Snake:1  | Reached skill level 5 in Shields
 63892 | Snake:1  | Reached skill level 22 in Unarmed Combat
 64025 | Snake:1  | Found Roskir's Jewellery Shoppe.
 64026 | Snake:1  | Found Erghar's Book Shop.
 64027 | Snake:1  | Found Daudomim's Jewellery Shoppe.
 64154 | Snake:1  | Noticed Mlioglotl
 64165 | Snake:1  | Killed Mlioglotl
 64561 | Snake:2  | Received a gift from Okawaru
 64790 | Snake:2  | You fall into a shaft and drop 1 floor!
 66060 | Snake:4  | Entered Level 4 of the Snake Pit
 66157 | Snake:4  | Received a gift from Okawaru
 66271 | Snake:4  | Reached skill level 10 in Shields
 66295 | Snake:4  | Found a glacial archway.
 66306 | IceCv    | Entered an ice cave
 66831 | IceCv    | Reached XP level 24. HP: 228/228 MP: 30/34
 66877 | IceCv    | Got the Volume of the Crucible and Breath
 67103 | Snake:4  | Received a gift from Okawaru
 67105 | Snake:4  | Reached skill level 10 in Throwing
 67636 | Snake:4  | Got a serpentine rune of Zot
 68123 | Zot:1    | Entered Level 1 of the Realm of Zot
 68342 | Zot:4    | Noticed an orb of fire
 68439 | Zot:3    | Killed an orb of fire
 68492 | Zot:4    | Noticed a Killer Klown
 68504 | Zot:4    | Received a gift from Okawaru
 68522 | Zot:4    | Killed a Killer Klown
 68749 | Zot:5    | Entered Level 5 of the Realm of Zot
 69255 | Zot:5    | Noticed an orb of fire
 69272 | Zot:5    | Gained mutation: Potions are less effective at restoring
                  | your health. [an orb of fire]
 69275 | Zot:5    | Killed an orb of fire
 69276 | Zot:5    | Noticed an orb of fire
 69281 | Zot:5    | Gained mutation: You are clumsy. (Dex -2) [an orb of fire]
 69286 | Zot:5    | Killed an orb of fire
 69332 | Zot:5    | Noticed a Killer Klown
 69355 | Zot:5    | Killed a Killer Klown
 69426 | Zot:5    | Noticed an orb of fire
 69432 | Zot:5    | Gained mutation: Your magical capacity is low. (-10% MP)
                  | [an orb of fire]
 69436 | Zot:5    | Gained mutation: Armour fits poorly on your strangely
                  | shaped body. [an orb of fire]
 69438 | Zot:5    | Killed an orb of fire
 69544 | Zot:5    | Noticed a Killer Klown
 69545 | Zot:5    | Received a gift from Okawaru
 69570 | Zot:5    | Killed a Killer Klown
 69852 | Zot:5    | Noticed a Killer Klown
 69885 | Zot:5    | Killed a Killer Klown
 69903 | Zot:5    | Noticed an orb of fire
 69910 | Zot:5    | Killed an orb of fire
 69913 | Zot:5    | Noticed an orb of fire
 69926 | Zot:5    | Gained mutation: You sometimes lose your temper in combat.
                  | [an orb of fire]
 69930 | Zot:5    | Killed an orb of fire
 69931 | Zot:5    | Noticed an ancient lich
 69939 | Zot:5    | Killed an ancient lich
 69940 | Zot:5    | Reached XP level 25. HP: 235/235 MP: 31/31
 69940 | Zot:5    | Noticed an orb of fire
 69940 | Zot:5    | Gained mutation: You do not regenerate when monsters are
                  | visible. [an orb of fire]
 69940 | Zot:5    | Gained mutation: You are very clumsy. (Dex -4) [an orb of
                  | fire]
 69947 | Zot:5    | Killed an orb of fire
 69953 | Zot:5    | Lost mutation: Your mind is acute. (Int +4, Str/Dex -1)
                  | [potion of mutation]
 69953 | Zot:5    | Lost mutation: You do not regenerate when monsters are
                  | visible. [potion of mutation]
 69953 | Zot:5    | Gained mutation: Your system is resistant to poisons.
                  | (rPois) [potion of mutation]
 69954 | Zot:5    | Lost mutation: Your magical capacity is low. (-10% MP)
                  | [potion of mutation]
 69954 | Zot:5    | Lost mutation: You expend magic power (3 MP) to strengthen
                  | your wands. [potion of mutation]
 69954 | Zot:5    | Lost mutation: Armour fits poorly on your strangely shaped
                  | body. [potion of mutation]
 69954 | Zot:5    | Gained mutation: You have an increased reservoir of magic.
                  | (+10% MP) [potion of mutation]
 69954 | Zot:5    | Gained mutation: You are partially covered in iridescent
                  | scales. (AC +2) [potion of mutation]
 69954 | Zot:5    | Gained mutation: You are robust. (+10% HP) [potion of
                  | mutation]
 69954 | Zot:5    | Gained mutation: Your mind is acute. (Int +4, Str/Dex -1)
                  | [potion of mutation]
 69955 | Zot:5    | Lost mutation: You are partially covered in iridescent
                  | scales. (AC +2) [potion of mutation]
 69955 | Zot:5    | Lost mutation: Your system is resistant to poisons. (rPois)
                  | [potion of mutation]
 69955 | Zot:5    | Lost mutation: You are very clumsy. (Dex -4) [potion of
                  | mutation]
 69955 | Zot:5    | Lost mutation: Your skin changes colour to match your
                  | surroundings (Stealth+). [potion of mutation]
 69956 | Zot:5    | Lost mutation: Potions are less effective at restoring your
                  | health. [potion of mutation]
 69956 | Zot:5    | Lost mutation: You have an increased reservoir of magic.
                  | (+10% MP) [potion of mutation]
 69956 | Zot:5    | Lost mutation: Your mind is acute. (Int +4, Str/Dex -1)
                  | [potion of mutation]
 69956 | Zot:5    | Gained mutation: Your muscles are strong. (Str +4, Int/Dex
                  | -1) [potion of mutation]
 69956 | Zot:5    | Lost mutation: You are robust. (+10% HP) [potion of
                  | mutation]
 69956 | Zot:5    | Gained mutation: Your health recovers twice as slowly from
                  | being drained. [potion of mutation]
 69957 | Zot:5    | Lost mutation: Your muscles are strong. (Str +4, Int/Dex
                  | -1) [potion of mutation]
 69957 | Zot:5    | Lost mutation: You are clumsy. (Dex -2) [potion of
                  | mutation]
 69957 | Zot:5    | Gained mutation: You have sharp fingernails. [potion of
                  | mutation]
 69957 | Zot:5    | Gained mutation: A frigid envelope surrounds you and
                  | freezes all who hurt you. [potion of mutation]
 69957 | Zot:5    | Gained mutation: Your mind is acute. (Int +4, Str/Dex -1)
                  | [potion of mutation]
 69958 | Zot:5    | Lost mutation: Your mind is acute. (Int +4, Str/Dex -1)
                  | [potion of mutation]
 69958 | Zot:5    | Lost mutation: Your health recovers twice as slowly from
                  | being drained. [potion of mutation]
 69958 | Zot:5    | Gained mutation: You occasionally lose the ability to drink
                  | potions when taking damage. [potion of mutation]
 69958 | Zot:5    | Gained mutation: You occasionally shout uncontrollably at
                  | your foes. [potion of mutation]
 69958 | Zot:5    | Gained mutation: You have a pair of small horns on your
                  | head. [potion of mutation]
 69958 | Zot:5    | Gained mutation: You are agile. (Dex +4, Str/Int -1)
                  | [potion of mutation]
 69959 | Zot:5    | Lost mutation: You occasionally lose the ability to drink
                  | potions when taking damage. [potion of mutation]
 69959 | Zot:5    | Lost mutation: You are agile. (Dex +4, Str/Int -1) [potion
                  | of mutation]
 69959 | Zot:5    | Lost mutation: You sometimes lose your temper in combat.
                  | [potion of mutation]
 69959 | Zot:5    | Gained mutation: You have a pair of horns on your head.
                  | [potion of mutation]
 69959 | Zot:5    | Gained mutation: You occasionally lose the ability to drink
                  | potions when taking damage. [potion of mutation]
 69959 | Zot:5    | Gained mutation: Your flesh is heat resistant. (rF+)
                  | [potion of mutation]
 69960 | Zot:5    | Lost mutation: You have sharp fingernails. [potion of
                  | mutation]
 69960 | Zot:5    | Lost mutation: You occasionally shout uncontrollably at
                  | your foes. [potion of mutation]
 69960 | Zot:5    | Lost mutation: Your flesh is heat resistant. (rF+) [potion
                  | of mutation]
 69960 | Zot:5    | Gained mutation: You expend magic power (3 MP) to
                  | strengthen your wands. [potion of mutation]
 69960 | Zot:5    | Gained mutation: You are agile. (Dex +4, Str/Int -1)
                  | [potion of mutation]
 69961 | Zot:5    | Lost mutation: You are agile. (Dex +4, Str/Int -1) [potion
                  | of mutation]
 69961 | Zot:5    | Lost mutation: A frigid envelope surrounds you and freezes
                  | all who hurt you. [potion of mutation]
 69961 | Zot:5    | Lost mutation: You expend magic power (3 MP) to strengthen
                  | your wands. [potion of mutation]
 69961 | Zot:5    | Gained mutation: You have a somewhat thin skeletal
                  | structure. (Dex +2, Stealth+) [potion of mutation]
 69961 | Zot:5    | Gained mutation: You are clumsy. (Dex -2) [potion of
                  | mutation]
 69962 | Zot:5    | Lost mutation: You occasionally lose the ability to drink
                  | potions when taking damage. [potion of mutation]
 69962 | Zot:5    | Lost mutation: You have a pair of horns on your head.
                  | [potion of mutation]
 69962 | Zot:5    | Lost mutation: You are clumsy. (Dex -2) [potion of
                  | mutation]
 69962 | Zot:5    | Gained mutation: Your body sometimes deteriorates upon
                  | taking damage. [potion of mutation]
 69962 | Zot:5    | Gained mutation: You are agile. (Dex +4, Str/Int -1)
                  | [potion of mutation]
 69962 | Zot:5    | Gained mutation: Your muscles are strong. (Str +4, Int/Dex
                  | -1) [potion of mutation]
 69962 | Zot:5    | Gained mutation: Your movements are slightly less
                  | encumbered by armour. (ER -2) [potion of mutation]
 70191 | Zot:5    | Noticed a Killer Klown
 70217 | Zot:5    | Killed a Killer Klown
 70240 | Zot:5    | Noticed a Killer Klown
 70272 | Zot:5    | Killed a Killer Klown
 70287 | Zot:5    | Noticed an orb of fire
 70298 | Zot:5    | Gained mutation: You are frail. (-10% HP) [an orb of fire]
 70304 | Zot:5    | Killed an orb of fire
 70309 | Zot:5    | Noticed a dread lich
 70312 | Zot:5    | Killed a dread lich
 70382 | Zot:5    | Noticed a Killer Klown
 70385 | Zot:5    | Noticed an ancient lich
 70394 | Zot:5    | Killed a Killer Klown
 70394 | Zot:5    | Received a gift from Okawaru
 70398 | Zot:5    | Killed an ancient lich
 70530 | Zot:5    | Got the Orb of Zot
 70666 | Zot:2    | Noticed Bushofes the pandemonium lord
 70666 | Zot:2    | Noticed an ancient lich
 70891 | D:14     | Reached skill level 15 in Shields
 71006 | D:10     | Noticed Gyemuist the pandemonium lord
 71208 | D:$      | Escaped with the Orb!

Illustrated notes

Levels and vault maps discovered:
D:1:      eino_arrival_cavern_e, layout_loops_corners
D:2:      minmay_evil_eye, layout_rooms
D:3:      layout_rooms, lemuel_round_altar, nicolae_ashenzari_skybound,
          marbit_many_paths, yredelemnul_forgotten_temple_becter,
          gammafunk_ghost_abyssal_escape, moated_statue,
          chequers_serial_rivers_small_3, patterned_corridor, uniq_robin,
          uniq_ijyb
D:4:      layout_loops_ring, gammafunk_ghost_arena, gup_sewer_entry_spiral,
          uniq_eustachio, uniq_grinder
D:5:      layout_basic, lemuel_round_altar, minmay_temple_entry_mini_moons
D:6:      layout_loops_ring
D:7:      layout_loops_ring, fedhas_altar_1, nicolae_overflow_hidden_temple
D:8:      minmay_distorted_concentric_squares, layout_rooms,
          kennysheep_cross_room, uniq_prince_ribbit1
D:9:      layout_long_grid, minmay_overflow_temple_star_quad,
          nicolae_inconvenience_store, hangedman_decor_points
D:10:     layout_stronghold, old_standard_altar, kennysheep_mini,
          hiddenorc1_lemuel, minmay_guarded_unrand_staff_of_olgreb, uniq_harold,
          uniq_grum
D:11:     layout_stronghold, david_lair_shrubbed,
          hellmonk_ghost_happy_afterlife, minivault_25
D:12:     nicolae_fronds_of_death, layout_small_grid, serial_shops, shop,
          minmay_the_grid_2x2 [minmay_the_grid_minigrid_large,
          minmay_the_grid_pillar_ring, minmay_the_grid_minigrid_small_alt,
          minmay_the_grid_prize_four_corners], uniq_erolcha
D:13:     kennysheep_big_flooded_room, layout_basic, special_room
          [special_room_orc], worms_lemuel
D:14:     layout_irregular_city, david_vaults_4,
          nicolae_hepliaklqana_hippocampus, chequers_hall_statues_wall_a,
          zin_statuary
D:15:     hellmonk_depths_entry_around_the_bend, layout_basic,
          nemelex_altar_shiori, uniq_jorgrun
Lair:1:   layout_long_grid, chequers_serial_rivers_large_a,
          nicolae_quartered_pool_super, grunt_forest_large_clearing_hut,
          uniq_fannar, uniq_gastronok, uniq_amaemon
Lair:2:   layout_small_grid, guppyfry_snake_entry_island,
          chequers_serial_rivers_small_b, grunt_megastairs_5, uniq_urug
Lair:3:   layout_hall_layers, nicolae_swamp_entry_splash_gauntlet,
          chequers_serial_rivers_small_b, lemuel_oklob_altar,
          grunt_megastairs_3, uniq_nergalle
Lair:4:   layout_roguey, slime_entry_2, gammafunk_ghost_icy
Lair:5:   hangedman_lair_in_review, layout_small_grid,
          chequers_serial_rivers_large_b, serial_bayou_pond_e,
          serial_bayou_pond_c
Swamp:1:  layout_basic_swamp, evilmike_swamp_ruin_house_3, swamp_pool_1_2
Swamp:2:  layout_basic_swamp, nicolae_swamp_well_well_well
Swamp:3:  layout_basic_swamp, nicolae_swamp_small_spring
Swamp:4:  swamp_basic_johnstein, layout_basic_swamp, swamp_pool_3,
          infiniplex_staircase_pool_2
Snake:1:  layout_misc_corridors, minmay_shop_grove, uniq_mlioglotl
Snake:2:  layout_gridlike
Snake:3:  layout_layer_cave
Snake:4:  johnstein_snake_rune_scales, layout_misc_corridors,
          portal_ice_cave_entry_frozen_things
Orc:1:    layout_caves, serial_shops, shop, basic_altar, mines2_david
Orc:2:    st_orc_rangers, layout_caves, minmay_orc_treasury
Vaults:1: nicolae_vaults_diamond_1, grunt_vaults_hallway_short, v_misc_2,
          hangedman_vaults_nails, ontoclasm_vaults_idyll, vaults_room_fours,
          nicolae_vaults_halls_meeting, nicolae_vaults_trapezoid_3,
          nicolae_vaults_little_squares_5, ontoclasm_vaults_fault,
          nicolae_vaults_closet_pinwheel_2, v_alt_pattern_1,
          vaults_dpeg_emergency_exit, vaults_room_corners, v_misc_18,
          layout_vaults_ring
Vaults:2: nicolae_vaults_corpse_flower, v_misc_4, nicolae_vaults_steering_wheel,
          v_misc_9, nicolae_vaults_sealed_display, hangedman_vaults_pinch,
          v_misc_13, hangedman_vaults_trim, nicolae_vaults_gold_heap,
          layout_vaults_chaotic_city
Vaults:3: nicolae_vaults_apartment_1, grunt_vaults_funnel,
          minmay_crypt_entry_simple_box, nicolae_vaults_ninety_degrees,
          ontoclasm_vaults_spin, hangedman_vaults_nails,
          nicolae_vaults_trapezoid_lopsided_2, nicolae_vaults_tetromino_T_2,
          hangedman_vaults_trim, nicolae_vaults_storage_closets_3, v_misc_22,
          vaults_room_hallway, v_misc_23, nicolae_vaults_trapezoid_1,
          layout_vaults_big_cross
Vaults:4: gammafunk_ghost_necromancy, nicolae_vaults_network_square,
          nicolae_vaults_doubleplus_tesselated,
          nicolae_vaults_closet_pinwheel_3, v_misc_28, nicolae_vaults_swerve,
          nicolae_vaults_trapezoid_2, dpeg_vaults_monster_box,
          nicolae_vaults_closet_pinwheel_2, layout_vaults_maze, serial_shops,
          nicolae_shop_gibbet_a_chance
Vaults:5: uniq_mennas
Depths:1: layout_basic, grunt_hell_entry_dis_grunt, abyss_entry, enter_trove_6,
          rand_demon_pan_entry_4, nicolae_ru_path_of_blood, grunt_megastairs_1,
          uniq_boris
Depths:2: grunt_crosshair, layout_basic, rand_demon_pan_entry_5,
          nicolae_uskayaw_dance_hall, hangedman_coc_ice_floe
Depths:3: minmay_guarded_unrand_sceptre_of_torment, layout_cave_pools,
          abyss_entry_flame_altar, hell_entry
Depths:4: evilmike_zot_entry_basic, layout_basic, enter_ziggurat_c,
          serial_library_hellmonk_hallway_a, pf_hell_entry_great_geh,
          serial_sigils, serial_sigils_hangedman_gnaw,
          serial_sigils_hangedman_scar, serial_sigils_hangedman_leer,
          serial_sigils_hangedman_etch, serial_sigils_hangedman_scratch,
          serial_sigils_hangedman_snap, minmay_tree_intersection,
          uniq_frederick, uniq_grunn
Zot:1:    dreamdust_zin_vs_xom, layout_basic, regret_index_zotdec_ex,
          zot_minivault_1
Zot:2:    layout_cathedral_of_symmetry, ebering_ghost_disaster_area,
          hangedman_zot_decor_tridents, uniq_josephina
Zot:3:    layout_gridlike, grunt_ministairs_13
Zot:4:    layout_misc_corridors
Zot:5:    layout_misc_corridors

Skill      XL: |  1  2  3  4  5  6  7  8  9 10 11 12 13 14 15 16 17 18 19 20 21 22 23 24 25 |
---------------+----------------------------------------------------------------------------+-----
Spellcasting   | 2 |  2.0
Unarmed Combat | 1 3 4 5 8 9 10 11 12 13 14 15 16 17 18 19 20 21 22 | 22.0
Fighting       | 1 2 5 7 9 11 13 16 18 19 20 21 | 21.1
Ice Magic      | 4 |  4.7
Dodging        | 2 4 5 6 7 9 10 11 12 13 14 15 16 | 16.0
Shapeshifting  | 1 2 3 4 6 7 8 9 10 11 12 13 14 15 16 17 18 19 | 19.5
Invocations    | 1 4 7 9 10 11 12 14 15 | 15.7
Stealth        | 2 5 |  5.1
Shields        | 2 4 10 13 15 | 15.0
Evocations     | 4 |  4.1
Throwing       | 6 9 12 13 | 13.2

Action                     |  1- 3 |  4- 6 |  7- 9 | 10-12 | 13-15 | 16-18 | 19-21 | 22-24 | 25-27 || total
---------------------------+-------+-------+-------+-------+-------+-------+-------+-------+-------++-------
  Melee: Staff             |    11 |       |       |       |       |       |       |       |       ||    11
         Hand axe          |     1 |       |       |       |       |       |       |       |       ||     1
         Dagger            |    31 |   125 |   223 |       |       |       |       |       |       ||   379
         Unarmed           |       |     4 |    97 |   589 |  1218 |  1260 |  1005 |  1348 |   165 ||  5686
         Punch             |       |     3 |    12 |       |    36 |    49 |   106 |    85 |     5 ||   296
         Constrict         |       |       |       |       |       |   135 |    73 |       |       ||   208
         Bite              |       |       |       |       |       |       |    90 |    67 |     8 ||   165
         Tailslap          |       |       |       |       |       |       |   137 |    73 |     8 ||   218
         Headbutt          |       |       |       |       |       |       |       |       |    36 ||    36
  Throw: Dart              |       |       |    17 |       |       |       |       |    14 |     7 ||    38
         Throwing net      |       |       |       |       |       |       |       |     2 |       ||     2
         Javelin           |       |       |       |       |       |       |       |       |     8 ||     8
   Cast: Freeze            |    50 |    24 |    23 |       |       |       |       |       |       ||    97
         Frozen Ramparts   |     1 |    16 |    34 |    35 |    51 |     4 |       |       |       ||   141
         Ozocubu's Armour  |       |       |    23 |    36 |    78 |    24 |       |       |       ||   161
 Invoke: Heroism           |       |       |     2 |     4 |     1 |    18 |    17 |    20 |     6 ||    68
         Finesse           |       |       |       |     1 |       |     6 |     2 |     8 |     1 ||    18
         Receive Weapon    |       |       |       |       |     1 |       |       |       |       ||     1
         Receive Armour    |       |       |       |       |     1 |       |       |       |       ||     1
Ability: Breathe Fire      |       |       |       |       |       |       |     7 |     1 |       ||     8
  Evoke: Wand              |       |       |     5 |     4 |    14 |     6 |     7 |    13 |     1 ||    50
         Lightning rod     |       |       |       |       |       |    10 |     5 |     4 |       ||    19
         Tin of tremorston |       |       |       |       |       |     2 |     3 |     3 |       ||     8
    Use: Potion            |       |     4 |     1 |       |     3 |     3 |     3 |     5 |    20 ||    39
         Scroll            |       |     2 |     8 |     7 |    16 |     5 |    10 |    19 |     6 ||    73
   Stab: Sleeping          |       |     1 |       |       |     1 |    11 |     4 |    15 |       ||    32
         Invisible         |       |       |     1 |       |       |       |       |       |       ||     1
         Paralysed         |       |       |       |       |     1 |     2 |     2 |     2 |       ||     7
         Distracted        |       |       |       |       |     1 |     3 |       |     3 |     1 ||     8
         Held in net/web   |       |       |       |       |       |       |       |     2 |       ||     2
 Armour: Robe              |    51 |    55 |   166 |       |    13 |       |       |       |       ||   285
         Skin              |       |     4 |    12 |   211 |   409 |   475 |   905 |   749 |    67 ||  2832
         Troll leather arm |       |       |       |       |   143 |   197 |       |    19 |       ||   359
  Dodge: Dodged            |    58 |    91 |   309 |   552 |  1051 |  1018 |   598 |   746 |    57 ||  4480
  Block: Kite shield       |       |       |       |       |       |       |       |   928 |    77 ||  1005
   Form: Flux              |       |       |     1 |       |     3 |     1 |       |       |       ||     5
         Blade             |       |       |       |       |     5 |     1 |       |       |       ||     6
                           |       |       |       |       |     2 |       |     2 |     1 |       ||     5
         Serpent           |       |       |       |       |       |     1 |       |       |       ||     1
         Dragon            |       |       |       |       |       |       |     3 |     3 |     1 ||     7
         Storm             |       |       |       |       |       |       |       |     1 |       ||     1
         Statue            |       |       |       |       |       |       |       |     2 |     1 ||     3
